Map: Daybreak LE (Void)

Players

Neeb

  • Race: Protoss Protoss
  • Spawn Location: 7:00

MajOr (SpeCial) - Winner!

  • Race: Terran Terran
  • Spawn Location: 1:00

Event: WESG 2016 Finals

VOD

Have the link to the VOD?

Description

Time

  • Played on: Jan. 13, 2017, 2:52 a.m.
  • Length: 5:15

All games in this series

Show
View Real Time Build Order
Export as new Build Order

Neeb Protoss 

Build Orders: 1 Gate Expand 

Get SALT Encoding   

  12  0:00  Probe (Chrono Boost)  
  13  0:11  Probe (Chrono Boost)  
  14  0:17  Pylon  
  14  0:22  Probe (Chrono Boost)  
  15  0:36  Gateway, Probe (Chrono Boost)  
  16  0:46  Probe (Chrono Boost)  
  16  0:47  Assimilator  
  18  0:57  Probe (Chrono Boost)  
  18  1:07  Probe (Chrono Boost)  
  19  1:20  Nexus  
  19  1:24  Probe (Chrono Boost)  
  20  1:33  Cybernetics Core  
  20  1:37  Probe (Chrono Boost)  
  21  1:42  Assimilator  
  21  1:47  Probe (Chrono Boost)  
  21  1:53  Pylon  
  22  1:58  Probe (Chrono Boost)  
  23  2:07  Adept  
  23  2:10  Warp Gate  
  23  2:12  Probe (Chrono Boost)  
  26  2:16  Pylon  
  26  2:26  Mothership Core (Chrono Boost)  
  28  2:32  Probe (Chrono Boost)  
  28  2:33  Stalker  
  31  2:43  Probe (Chrono Boost)  
  32  2:46  Probe (Chrono Boost)  
  33  2:54  Probe (Chrono Boost)  
  33  2:55  Robotics Facility  
  35  2:58  Probe (Chrono Boost)  
  35  3:00  Stalker  
  37  3:06  Probe (Chrono Boost)  
  37  3:12  Probe (Chrono Boost)  
  39  3:17  Probe (Chrono Boost)  
  40  3:23  Probe (Chrono Boost)  
  40  3:26  Gateway  
  41  3:30  Gateway  
  41  3:32  Probe (Chrono Boost)  
  42  3:35  Probe (Chrono Boost), Assimilator  
  42  3:38  Assimilator  
  43  3:44  Observer  
  43  3:48  Probe (Chrono Boost)  
  38  3:49  Probe (Chrono Boost)  
  36  3:58  Probe (Chrono Boost), Pylon  
  36  4:01  Probe (Chrono Boost)  
  38  4:04  Observer  
  38  4:09  Probe (Chrono Boost)  
  40  4:13  Probe (Chrono Boost)  
  43  4:25  Probe (Chrono Boost)  
  43  4:31  Stalker  
  44  4:33  Stalker  
  45  4:49  Stalker  
  45  4:57  Adept  
  47  5:00  Adept  
Show
View Real Time Build Order
Export as new Build Order

MajOr Terran - Winner!

Build Orders: 1/1/1, Liberator Opening 

Get SALT Encoding   

  12  0:00  SCV  
  13  0:12  SCV  
  14  0:17  Supply Depot  
  14  0:25  SCV  
  15  0:29  Refinery  
  15  0:39  SCV  
  16  0:45  Barracks  
  16  0:51  SCV  
  17  1:03  SCV  
  18  1:15  SCV  
  19  1:32  Marine, Orbital Command  
  20  1:34  Factory  
  20  1:45  Supply Depot  
  20  1:49  Refinery  
  20  1:50  Marine  
  21  1:59  SCV  
  22  2:09  Barracks Reactor  
  22  2:11  SCV  
  23  2:21  Starport  
  23  2:23  SCV  
  23  2:24  Widow Mine  
  23  2:27  Supply Depot  
  26  2:36  SCV  
  27  2:45  Marine x2  
  27  2:48  SCV  
  27  2:49  Supply Depot  
  30  2:57  Medivac  
  32  2:59  Widow Mine  
  32  3:02  Marine x2  
  37  3:11  SCV, Supply Depot  
  37  3:13  Liberator  
  37  3:22  Marine x2  
  39  3:30  Factory Tech Lab  
  41  3:36  Supply Depot  
  41  3:39  Marine  
  41  3:40  Marine  
  41  3:41  SCV  
  44  3:51  Siege Tank  
  46  3:56  Liberator  
  46  3:57  Marine x2  
  48  4:04  Bunker  
  48  4:07  SCV  
  49  4:15  Marine  
  51  4:19  Marine  
  52  4:31  Supply Depot  
  50  4:34  Siege Tank  
  50  4:37  Marine  
  52  4:46  Marine  
  52  4:50  Bunker  
  53  4:55  Marine  
Tags
 
Add a new tag
Caveats
  • Supply blocks, unpowered buildings, or Contaminate may cause inaccurate times.
  • Supply counts are checked every 10 seconds.